 Dungeon Crawl Stone Soup version 0.29-a0-322-g68df515 (webtiles) character file.

Game seed: 15899615002509142785

5864 Toastz the Slicer (level 10, -4/47 (51) HPs)
             Began as a Spriggan Enchanter on Apr 7, 2022.
             Was an Elder of Nemelex Xobeh.
             Slain by a wight
             ... wielding a +5 great sword of freezing
              (7 damage)
             ... on level 9 of the Dungeon.
             The game lasted 00:36:24 (10381 turns).

Toastz the Slicer (Spriggan Enchanter)             Turns: 10381, Time: 00:36:24

HP:   -4/47 (51)    AC:  6    Str:  4    XL:     10   Next: 52%
MP:   15/26         EV: 23    Int: 18    God:    Nemelex Xobeh [****..]
Gold: 520           SH:  0    Dex: 19    Spells: 6/17 levels left

rFire   . . .      SeeInvis +   b - +1 dagger (elec)
rCold   . . .      Faith    .   (no shield)
rNeg    . . .      Spirit   .   s - +2 robe {Will+}
rPois   .          Reflect  .   (helmet restricted)
rElec   .          Harm     .   z - +1 cloak
rCorr   .          Rampage  .   (gloves unavailable)
Will    ++...                   (boots unavailable)
Stlth   ++++......              j - amulet of regeneration
HPRegen 0.95/turn               k - +4 ring of evasion
MPRegen 0.20/turn               G - ring of magical power

@: drained, very quick
A: very small, no large weapons, unfitting armour, see invisible, speed 3
a: Renounce Religion, Draw Escape, Draw Destruction, Draw Summoning, Triple
Draw, Deal Four


You were on level 9 of the Dungeon.
You worshipped Nemelex Xobeh.
Nemelex Xobeh was greatly pleased with you.
You visited 1 branch of the dungeon, and saw 9 of its levels.

You collected 520 gold pieces.

Inventory:

Hand Weapons
 a - a +3 dagger
 b - a +1 dagger of electrocution (weapon)
Missiles
 h - 259 stones
 H - 2 boomerangs (quivered)
 I - 19 poisoned darts
Armour
 s - a +2 robe of willpower (worn)
 z - a +1 cloak (worn)
Jewellery
 j - an amulet of regeneration (around neck)
 k - a +4 ring of evasion (left hand)
 p - a ring of resist corrosion
 G - a ring of magical power (right hand)
Wands
 C - a wand of flame (5)
 J - a wand of polymorph (7)
 K - a wand of iceblast (12)
 L - a wand of acid (14)
Scrolls
 e - 2 scrolls of immolation {unknown}
 l - a scroll of fog {unknown}
 m - 3 scrolls of teleportation
 r - 4 scrolls of amnesia
 t - 2 scrolls of vulnerability {unknown}
 w - a scroll of brand weapon {unknown}
 x - 2 scrolls of magic mapping
 y - 2 scrolls of fear {unknown}
 A - 2 scrolls of enchant weapon
 D - 2 scrolls of holy word
 E - 2 scrolls of blinking {unknown}
Potions
 c - a potion of invisibility
 d - a potion of lignification {unknown}
 g - 3 potions of curing
 i - 5 potions of heal wounds
 n - a potion of mutation {unknown}
 q - 3 potions of might
 v - a potion of flight {unknown}
 B - 4 potions of resistance {unknown}
 F - a potion of ambrosia {unknown}


   Skills:
 - Level 5.0 Fighting
 - Level 10.0 Short Blades
 - Level 4.0 Dodging
 - Level 7.0 Stealth
 - Level 4.0 Spellcasting
 - Level 2.0 Conjurations
 - Level 9.0 Hexes
 + Level 3.6 Ice Magic
 + Level 5.6 Invocations


You had 6 spell levels left.
You knew the following spells:

 Your Spells              Type           Power      Damage    Failure   Level
a - Ensorcelled Hibernat  Hex/Ice        52%        N/A       1%          2
b - Confusing Touch       Hex            36%        N/A       1%          3
c - Tukima's Dance        Hex            36%        N/A       1%          3
d - Dazzling Flash        Conj/Hex       46%        N/A       4%          3

Your spell library contained the following spells:

 Spells                   Type           Power      Damage    Failure   Level


Dungeon Overview and Level Annotations

Branches:
Dungeon (9/15)             Temple (0/1) D:4
   Lair: D:8-11         Orc: D:9-12

Altars:
Nemelex Xobeh

Shops:
D:1 ?   D:3 (


Innate Abilities, Weirdness & Mutations

You are very small and have problems with some larger weapons.
You are too small for most types of armour.
You have supernaturally acute eyesight. (SInv)
You cover ground extremely quickly. (Speed+++)


Message History

Aim: a centaur, wielding a +0 shortbow (chance to affect: 57%)
The centaur resists with significant effort.
The centaur unwields a +0 shortbow.
The centaur misses you. The centaur closely misses you.
The centaur completely misses you.
The centaur kicks you but does no damage.
You hit the wight but do no damage. Lightning courses through the wight!!
You destroy the wight!
Casting: Ensorcelled Hibernation (safe; 1% risk of failure)
Confirm with . or Enter, or press ? or * to list all spells.
Aiming: Ensorcelled Hibernation (safe; 1% risk of failure)
Press: ? - help, Shift-Dir - straight line, f/p - centaur
Aim: a centaur (chance to affect: 57%)
The centaur resists with significant effort.
The centaur misses you. The centaur completely misses you.
The centaur hits you but does no damage.
The centaur closely misses you.
Casting: Ensorcelled Hibernation (safe; 1% risk of failure)
Confirm with . or Enter, or press ? or * to list all spells.
Aiming: Ensorcelled Hibernation (safe; 1% risk of failure)
Press: ? - help, Shift-Dir - straight line, f/p - centaur
Aim: a centaur (chance to affect: 57%)
The centaur resists with significant effort.
The centaur barely misses you. The centaur closely misses you.
The wight closely misses you.
Casting: Ensorcelled Hibernation (safe; 1% risk of failure)
Confirm with . or Enter, or press ? or * to list all spells.
Casting: Dazzling Flash (dangerous; 4% risk of failure)
Press: ? - help, Dir - look around, f - activate The centaur completely misses you. x2; The centaur closely misses you.
The centaur completely misses you.
You hit the centaur but do no damage.
The wight hits you with a +3 morningstar of freezing!
You feel drained. The wight freezes you.
The wight hits you with a +5 great sword of freezing!!
* * * LOW HITPOINT WARNING * * *
You feel drained.
* * * LOW HITPOINT WARNING * * *
The wight freezes you!
You die...
Your body disappears without a glow.

.......... # # ....zz.c ### #
.........#.##......# #.#.# #
.#.................# #.#.# #
..#......###...z..###.#.####
....[.................#.....
######.#.........................
#......#....########.####..#.....
#......#........@zz.....#..#.####
#...........<...zc.........).####
#...........##...####........'..#
#..........###...# #....รท...##.#
#.#'##.....# #...# #...)))..##.#
#.#.##.....# ##### ##....)...##'#
#.#.##.....# ####...).#...#...
#.#.##.....# #........#...#...
#.#.##.....# #.##.....#####...


You could see a centaur and 3 wights.

Vanquished Creatures
  Pikel (D:8)
  A hornet (D:7)
  Prince Ribbit (D:6)
  9 yaks
  Sigmund (D:3)
  A water moccasin (D:7)
  A dancing weapon (D:4)
  5 orc warriors
  A sky beast (D:6)
  3 black bears
  An ogre (D:4)
  2 lemures (D:8)
  A centaur (D:8)
  A phantom (D:6)
  3 kobold brigands
  A gnoll sergeant (D:9)
  2 necrophages (D:6)
  3 scorpions
  4 wights
  14 killer bees
  A howler monkey (D:7)
  5 hounds
  A jelly (D:4)
  Crazy Yiuf (D:3)
  6 orc priests
  2 iguanas
  4 orc wizards
  Robin (D:3)
  11 gnolls
  8 adders
  A shadow imp (D:6)
  A white imp (D:8)
  3 ufetubi
  5 worms
  2 dart slugs
  46 orcs
  4 ball pythons
  2 bats (D:2)
  5 endoplasms
  6 giant cockroaches
  12 goblins
  14 hobgoblins
  2 jackals (D:2)
  2 quokkas
  2 frilled lizards
  17 kobolds
  4 rats
224 creatures vanquished.

Vanquished Creatures (collateral kills)
  3 orcs
3 creatures vanquished.

Vanquished Creatures (others)
  4 dancing weapons
  A fungus (D:3)
5 creatures vanquished.

Grand Total: 232 creatures vanquished

Notes
Turn   | Place    | Note
-------+----------+-------------------------------------------
     0 | D:1      | Toastz the Spriggan Enchanter began the quest for the Orb.
     0 | D:1      | Reached XP level 1. HP: 9/9 MP: 5/5
   370 | D:1      | Reached XP level 2. HP: 4/14 MP: 6/6
   606 | D:1      | Learned a level 2 spell: Ensorcelled Hibernation
   662 | D:1      | Found Vofur's Magic Scroll Boutique.
   715 | D:1      | Reached skill level 1 in Fighting
   743 | D:1      | Reached skill level 2 in Short Blades
   777 | D:1      | Found a faded altar of an unknown god.
   805 | D:1      | Prayed at the altar of an unknown god.
   805 | D:1      | Became a worshipper of Nemelex Xobeh the Trickster
   805 | D:1      | Reached * piety under Nemelex Xobeh
   805 | D:1      | Received a gift from Nemelex Xobeh
  1558 | D:2      | Reached XP level 3. HP: 18/18 MP: 5/8
  1919 | D:2      | Learned a level 3 spell: Confusing Touch
  1989 | D:2      | You fall into a shaft and drop 2 floors!
  2064 | D:4      | Noticed a scorpion
  2068 | D:4      | Killed a scorpion
  2069 | D:4      | Reached skill level 3 in Short Blades
  2069 | D:4      | Reached skill level 1 in Ice Magic
  2069 | D:4      | Reached XP level 4. HP: 23/23 MP: 9/9
  2111 | D:4      | Reached XP level 5. HP: 26/26 MP: 5/10
  2338 | D:4      | Reached ** piety under Nemelex Xobeh
  2338 | D:4      | Received a gift from Nemelex Xobeh
  2435 | D:3      | Found Buluf's Weapon Shop.
  2435 | D:3      | Noticed Sigmund
  2438 | D:3      | Killed Sigmund
  2439 | D:3      | Reached skill level 4 in Short Blades
  2439 | D:3      | Reached XP level 6. HP: 32/32 MP: 11/11
  2443 | D:3      | Learned a level 3 spell: Tukima's Dance
  2540 | D:3      | Found a runed translucent door.
  2541 | D:3      | Noticed Crazy Yiuf
  2577 | D:3      | Identified the +0 helmet of Fortification {Fly rN+ Int-5
                  | Stlth+}
  2577 | D:3      | Noticed Robin
  2641 | D:3      | Killed Robin
  3229 | D:2      | Reached skill level 1 in Invocations
  3920 | D:3      | Received a gift from Nemelex Xobeh
  4049 | D:3      | Killed Crazy Yiuf
  4298 | D:4      | Reached skill level 5 in Short Blades
  4370 | D:4      | Found a staircase to the Ecumenical Temple.
  4380 | D:4      | Reached XP level 7. HP: 32/36 MP: 7/12
  4464 | D:4      | Reached skill level 5 in Hexes
  4848 | D:5      | Entered Level 5 of the Dungeon
  4848 | D:5      | Received a gift from Nemelex Xobeh
  5063 | D:4      | Learned a level 3 spell: Dazzling Flash
  5290 | D:5      | Reached skill level 6 in Short Blades
  5505 | D:5      | Reached XP level 8. HP: 35/40 MP: 9/13
  6193 | D:6      | Reached skill level 7 in Short Blades
  6266 | D:6      | Reached *** piety under Nemelex Xobeh
  6436 | D:6      | Received a gift from Nemelex Xobeh
  6679 | D:6      | Noticed Prince Ribbit
  6684 | D:6      | Killed Prince Ribbit
  6716 | D:6      | Reached skill level 8 in Short Blades
  7173 | D:6      | Reached skill level 1 in Conjurations
  7173 | D:6      | Reached XP level 9. HP: 43/45 MP: 7/14
  7506 | D:7      | Reached skill level 5 in Invocations
  7629 | D:7      | Reached skill level 9 in Short Blades
  7747 | D:7      | Received a gift from Nemelex Xobeh
  8216 | D:7      | Reached skill level 10 in Short Blades
  8947 | D:8      | Reached skill level 5 in Stealth
  8956 | D:8      | Reached XP level 10. HP: 29/51 MP: 14/15
  9315 | D:8      | Noticed Pikel
  9327 | D:8      | Killed Pikel
  9328 | D:8      | Reached skill level 5 in Fighting
  9723 | D:9      | Reached **** piety under Nemelex Xobeh
 10381 | D:9      | Slain by a wight

Illustrated notes

Levels and vault maps discovered:
D:1:      beargit_arrival_greenhouse, layout_loops_ring, serial_shops, shop,
          shapermc_ecumenical_altar_ellora, nicolae_wormholes
D:2:      layout_rooms
D:3:      layout_loops_ring, serial_shops, shop, uniq_sigmund, uniq_robin,
          uniq_crazy_yiuf_cottage
D:4:      layout_basic, minmay_temple_entry_ruins, serial_rivers,
          chequers_serial_rivers_small_b, chequers_serial_rivers_small_b,
          chequers_serial_rivers_micro_d, chequers_serial_rivers_small_3,
          chequers_serial_rivers_marsh, chequers_serial_rivers_room_b,
          st_stairs_14, feat_on_display
D:5:      layout_basic, minivault_1
D:6:      layout_loops_ring, kennysheep_crisscross, roderic_roman_lattice,
          st_stairs_12, uniq_prince_ribbit1
D:7:      layout_basic
D:8:      layout_loops_ring, uniq_pikel
D:9:      layout_basic, mainiacjoe_overflow_alcove_1, special_room
          [special_room_orc], st_stairs_10

Skill      XL: |  1  2  3  4  5  6  7  8  9 10 |
---------------+-------------------------------+-----
Fighting       | 1 2 3 4 5 |  5.0
Short Blades   | 2 3 4 5 6 8 10 | 10.0
Hexes          | 4 5 6 8 9 |  9.0
Ice Magic      | 1 2 3 |  3.6
Invocations    | 1 3 4 5 |  5.6
Spellcasting   | 3 4 |  4.0
Conjurations   | 1 2 |  2.0
Stealth        | 5 7 |  7.0
Dodging        | 4 |  4.0

Action                   |  1- 3 |  4- 6 |  7- 9 | 10-12 || total
-------------------------+-------+-------+-------+-------++-------
Melee: Dagger            |    90 |   128 |   320 |   113 ||   651
       Punch             |       |     3 |     5 |     2 ||    10
 Cast: Ensorcelled Hiber |    23 |    47 |    69 |    35 ||   174
       Tukima's Dance    |       |     2 |    12 |     1 ||    15
       Confusing Touch   |       |       |    10 |     6 ||    16
       Dazzling Flash    |       |       |     7 |     5 ||    12
  Use: Potion            |     1 |       |       |       ||     1
       Scroll            |       |     1 |       |    10 ||    11
 Stab: Invisible         |     1 |       |     7 |     4 ||    12
       Sleeping          |    18 |    29 |    40 |    16 ||   103
       Confused          |       |       |     8 |     3 ||    11
       Distracted        |       |       |     1 |       ||     1
Armor: Robe              |     8 |     6 |    27 |     6 ||    47
Dodge: Dodged            |    46 |    94 |   245 |    75 ||   460

Table legend: (Time is in decaauts)
 A = Elapsed time spent in this place.
 B = Non-inter-level travel time spent in this place.
 C = Inter-level travel time spent in this place.
 D = Time resting spent in this place.
 E = Time spent auto-exploring this place.
 F = Levels seen in this place.
 G = Mean time per level.
                   A        B        C        D        E       F      G
               +--------+--------+--------+--------+--------+-----+--------+
         Total |   7897 |   7563 |    334 |   1529 |   4293 |   9 |  877.4 |
       Dungeon |   7897 |   7563 |    334 |   1529 |   4293 |   9 |  877.4 |
               +--------+--------+--------+--------+--------+-----+--------+

Top non-repeatable levels by time:
     D:1: 1441 daAuts
     D:4: 984 daAuts
     D:5: 935 daAuts
     D:7: 878 daAuts
     D:6: 873 daAuts
     D:2: 855 daAuts
     D:3: 700 daAuts
     D:8: 649 daAuts
     D:9: 579 daAuts
